Map: Dusk Towers

Players

HATETHISGAME - Winner!

  • Race: Protoss Protoss
  • League: Diamond

IIIIIIIIIIII

  • Race: Terran Terran
  • League: Master

VOD

Have the link to the VOD?

Description

Time

  • Played on: April 27, 2016, 11:16 p.m.
  • Length: 14:43
Show
View Real Time Build Order
Export as new Build Order

HATETHISGAME Protoss - Winner!

Build Orders: 1 Gate Expand, Dark Templar Rush 

Get SALT Encoding   

  12  0:01  Probe (Chrono Boost)  
  13  0:11  Probe (Chrono Boost)  
  14  0:18  Pylon  
  14  0:22  Probe (Chrono Boost)  
  15  0:37  Probe (Chrono Boost)  
  15  0:39  Gateway  
  16  0:45  Assimilator  
  16  0:49  Probe (Chrono Boost)  
  17  0:59  Probe (Chrono Boost)  
  18  1:10  Probe (Chrono Boost)  
  19  1:20  Probe (Chrono Boost)  
  20  1:28  Nexus  
  20  1:35  Probe (Chrono Boost)  
  20  1:36  Cybernetics Core  
  21  1:42  Assimilator  
  21  1:46  Probe (Chrono Boost)  
  22  1:51  Pylon  
  22  1:57  Probe (Chrono Boost)  
  23  2:12  Mothership Core (Chrono Boost), Adept  
  23  2:15  Warp Gate  
  27  2:30  Probe (Chrono Boost)  
  28  2:41  Probe (Chrono Boost)  
  28  2:42  Probe (Chrono Boost)  
  30  2:51  Probe (Chrono Boost)  
  30  2:53  Probe (Chrono Boost)  
  30  2:57  Robotics Facility  
  32  3:00  Twilight Council  
  32  3:02  Probe (Chrono Boost)  
  32  3:04  Probe (Chrono Boost)  
  34  3:09  Adept  
  37  3:13  Probe (Chrono Boost)  
  37  3:14  Probe (Chrono Boost)  
  38  3:23  Probe (Chrono Boost)  
  38  3:25  Probe (Chrono Boost)  
  40  3:33  Assimilator  
  40  3:34  Probe (Chrono Boost)  
  41  3:36  Probe (Chrono Boost)  
  41  3:38  Assimilator  
  41  3:39  Dark Shrine  
  41  3:41  Pylon  
  42  3:44  Probe (Chrono Boost)  
  42  3:45  Probe (Chrono Boost)  
  44  3:49  Observer (Chrono Boost)  
  44  3:52  Pylon  
  45  3:55  Probe  
  46  4:04  Gateway  
  46  4:05  Gateway  
  46  4:08  Observer (Chrono Boost)  
  47  4:11  Gateway  
  47  4:15  Probe  
  48  4:17  Stalker  
  48  4:20  Probe  
  51  4:28  Observer (Chrono Boost)  
  52  4:31  Pylon  
  52  4:35  Resonating Glaives (Chrono Boost)  
  52  4:37  Probe  
  52  4:38  Probe  
  54  4:47  Pylon  
  54  4:49  Probe  
  54  4:50  Probe  
  56  4:59  Probe  
  56  5:02  Warp Prism  
  56  5:05  Dark Templar x2  
  56  5:06  Dark Templar  
  65  5:10  Probe  
  65  5:31  Dark Templar  
  67  5:38  Dark Templar  
  67  5:39  Dark Templar  
  67  5:40  Zealot  
  69  5:44  Probe  
  69  5:46  Nexus  
  69  5:48  Warp Prism  
  69  5:49  Pylon  
  68  5:51  Probe  
  69  6:03  Dark Templar x2  
  73  6:07  Probe  
  71  6:19  Dark Templar  
  71  6:21  Probe  
  72  6:27  Observer  
  72  6:30  Probe  
  72  6:32  Zealot x2  
  66  6:48  Observer  
  63  6:57  Probe x2  
  63  6:58  Probe  
  66  7:02  Gateway x2  
  66  7:03  Gateway  
  66  7:09  Probe  
  66  7:11  Forge  
  67  7:17  Adept x4  
  75  7:30  Probe  
  76  7:42  Adept x4  
  71  8:05  Dark Templar  
  71  8:06  Dark Templar  
  75  8:30  Probe  
  75  8:34  Assimilator  
  75  8:35  Assimilator  
  75  8:36  Stalker x3  
  75  8:38  Probe  
  78  8:50  Adept  
  78  8:51  Adept  
  78  8:55  Zealot x2  
  82  8:58  Probe  
  74  9:21  Stalker  
  74  9:22  Stalker x2  
  78  9:32  Adept x3  
  78  9:33  Adept  
  86  9:40  Probe x2  
  86  9:43  Photon Cannon  
  88  9:53  Immortal  
  88  9:59  Adept x4  
  88  10:22  Adept x6  
  100  10:36  Gateway  
  100  10:38  Gateway  
  100  10:44  Gateway  
  100  10:46  Gateway  
  98  10:51  Adept x3  
  94  11:10  Warp Prism  
  92  11:15  Adept  
  92  11:16  Adept x3  
  100  11:24  Probe  
  99  11:29  Probe  
  99  11:30  Pylon  
  99  11:31  Pylon  
  94  11:39  Dark Templar  
  94  11:40  Dark Templar x3  
  94  11:42  Archon  
  94  11:44  Archon x2  
  100  11:49  Immortal, Pylon  
  100  11:51  Pylon  
  100  11:52  Dark Templar x5  
  112  11:56  Archon x2  
  101  12:22  Blink (Chrono Boost)  
  97  12:24  Robotics Facility  
  97  12:28  Immortal  
  101  12:36  Pylon  
  101  12:38  Photon Cannon, Nexus  
  101  12:48  Adept  
  101  12:49  Adept x9  
  121  12:52  Probe  
  121  12:53  Probe  
  123  12:56  Photon Cannon  
  123  12:59  Dark Templar  
  123  13:07  Observer, Stalker x2  
  123  13:29  Observer  
  123  13:32  Dark Templar x2  
  123  13:36  Archon  
  123  13:42  Adept  
  123  13:43  Adept x2  
  123  13:50  Observer  
  123  13:57  Probe  
  123  14:02  Photon Cannon  
  123  14:03  Probe  
  123  14:09  Assimilator  
  123  14:11  Photon Cannon  
  123  14:12  Pylon  
  123  14:13  Photon Cannon  
  123  14:14  Photon Cannon  
  123  14:15  Assimilator  
  123  14:17  Dark Templar x3  
  123  14:18  Dark Templar  
  123  14:21  Archon  
  123  14:22  Archon  
  123  14:28  Probe  
Show
View Real Time Build Order
Export as new Build Order

IIIIIIIIIIII Terran 

Build Orders: Reaper Expand, MMM Bio 

Get SALT Encoding   

  12  0:02  SCV  
  13  0:16  SCV  
  13  0:19  Supply Depot  
  14  0:28  SCV  
  15  0:49  SCV  
  16  0:54  Barracks  
  16  0:56  Refinery  
  16  1:06  SCV  
  17  1:19  SCV  
  18  1:41  Orbital Command  
  18  1:43  Reaper  
  19  1:54  Command Center  
  20  2:08  SCV  
  20  2:14  Supply Depot  
  21  2:30  Barracks Reactor, SCV  
  21  2:37  Refinery  
  21  2:41  Factory  
  21  2:42  SCV  
  21  2:54  SCV  
  22  3:06  Orbital Command, SCV  
  22  3:08  Marine  
  22  3:09  Marine  
  25  3:14  Engineering Bay  
  25  3:16  Barracks  
  25  3:17  Barracks  
  25  3:18  SCV  
  25  3:28  Widow Mine  
  25  3:33  Starport, Marine  
  28  3:35  SCV  
  28  3:37  SCV  
  30  3:47  SCV  
  31  3:50  SCV  
  31  3:53  Marine x2  
  34  3:59  Widow Mine, SCV  
  38  4:02  SCV  
  38  4:04  Supply Depot  
  38  4:07  Barracks Tech Lab x2  
  38  4:13  SCV  
  38  4:15  SCV  
  40  4:17  Missile Turret  
  40  4:19  Medivac  
  42  4:27  Supply Depot  
  42  4:31  Widow Mine, Combat Shields  
  42  4:35  Stimpack  
  42  4:36  SCV  
  40  4:38  Liberator, SCV  
  46  4:46  Missile Turret  
  46  4:48  SCV  
  46  4:49  Marine x2  
  49  4:57  SCV  
  53  5:00  SCV  
  54  5:09  Widow Mine, SCV  
  54  5:12  SCV  
  58  5:16  Supply Depot  
  58  5:21  SCV  
  58  5:24  SCV  
  40  5:43  SCV  
  40  5:44  Marine x2  
  40  5:45  Marauder x2  
  40  5:46  Liberator  
  42  5:54  SCV  
  42  5:56  Widow Mine  
  43  5:57  Missile Turret  
  43  6:00  SCV  
  47  6:06  Missile Turret, SCV  
  46  6:21  Marine  
  38  6:35  Marauder, Marine x2  
  38  6:38  SCV  
  38  6:39  SCV  
  38  6:51  SCV x2  
  38  7:00  Supply Depot  
  38  7:03  Supply Depot, SCV x2  
  38  7:07  Factory Reactor  
  40  7:09  Supply Depot  
  40  7:15  SCV x2  
  42  7:16  Marine  
  42  7:19  Refinery x2  
  43  7:27  SCV x2  
  45  7:31  Bunker  
  45  7:39  SCV x2  
  42  7:48  Widow Mine  
  39  7:51  SCV  
  39  7:53  Marine  
  39  7:54  Marauder, Marine  
  31  8:25  Widow Mine  
  33  8:27  Marauder, Marine x3  
  33  8:28  SCV  
  32  8:48  Marauder x2, Marine  
  33  8:50  SCV  
  33  8:52  SCV  
  32  9:02  SCV  
  32  9:04  SCV  
  32  9:15  Marine x2, SCV  
  32  9:16  SCV  
  36  9:20  Supply Depot  
  36  9:27  SCV  
  36  9:28  SCV  
  36  9:29  Missile Turret  
  36  9:30  Widow Mine x2  
  42  9:32  Medivac  
  44  9:39  SCV  
  44  9:40  SCV  
  46  9:51  SCV  
  47  9:54  Bunker, SCV  
  48  10:03  SCV  
  48  10:06  SCV  
  47  10:15  SCV  
  47  10:21  Widow Mine x2, Marauder x2, Marine x2  
  55  10:30  Supply Depot  
  40  10:51  Supply Depot  
  36  11:08  SCV  
  36  11:10  Orbital Command  
  37  11:13  Widow Mine  
  39  11:20  SCV  
  39  11:22  Missile Turret  
  39  11:23  Supply Depot  
  31  11:32  SCV  
  31  11:36  Marine  
  31  11:46  SCV  
  29  11:48  SCV  
  26  11:58  SCV  
  23  12:02  SCV  
  22  12:10  SCV  
  22  12:14  SCV  
  24  12:22  SCV  
  22  12:23  Marine x2  
  22  12:26  SCV  
  25  12:34  SCV  
  26  12:38  SCV  
  27  12:46  SCV  
  27  12:51  SCV  
  29  12:58  SCV  
  29  13:03  SCV  
  29  13:10  SCV  
  29  13:15  SCV  
Tags
 
Add a new tag
Caveats
  • Supply blocks, unpowered buildings, or Contaminate may cause inaccurate times.
  • Supply counts are checked every 10 seconds.